 Dungeon Crawl Stone Soup version 0.28-a0-1130-gc51a68064b (webtiles) character file.

Game seed: 225971000530353455

11986 SensoryNuts the Carver (level 11, -1/68 HPs)
             Began as a Gargoyle Gladiator on Dec 12, 2021.
             Was a Believer of Makhleb.
             Slain by a thrashing horror (6 damage)
             ... on level 1 of the Abyss.
             The game lasted 00:23:57 (13416 turns).

SensoryNuts the Carver (Gargoyle Gladiator)        Turns: 13416, Time: 00:23:58

Health: -1/68      AC: 23    Str: 23      XL:     11   Next: 86%
Magic:  11/11      EV: 18    Int:  2 (8)  God:    Makhleb [**....]
Gold:   601        SH:  5    Dex: 11      Spells: 10/10 levels left

rFire   . . .      SeeInvis .   k - +4 great sword (venom)
rCold   . . .      Faith    .   (shield currently unavailable)
rNeg    + . .      Spirit   .   w - +0 steam dragon scales
rPois   ∞          Reflect  +   c - +0 helmet
rElec   +          Harm     .   s - +2 cloak {Stlth+}
rCorr   .          Rampage  .   (no gloves)
Will    .....                   (no boots)
Stlth   +++.......              h - amulet of reflection
HPRegen 0.21/turn               l - +4 ring of evasion
MPRegen 0.12/turn               g - +4 ring of protection

@: flying, studying Air Magic, unable to read
A: sickness immunity, AC +8, negative energy resistance 1, electricity
resistance, torment resistance 1, petrification resistance, big wings, claws 1,
inability to read while threatened, devolution 1
a: Renounce Religion, Minor Destruction


You were on level 1 of the Abyss.
You worshipped Makhleb.
Makhleb was pleased with you.
You visited 2 branches of the dungeon, and saw 11 of its levels.
You visited the Abyss 1 time.

You collected 601 gold pieces.

Inventory:

Hand Weapons
 a - a +0 vorpal quarterstaff
 i - a +3 dagger of electrocution
 k - a +4 great sword of venom (weapon)
 m - a +2 scimitar
 n - a +1 flail of venom
 r - a +4 quarterstaff of chaos
 x - a +5 spear
 D - a +1 fustibalus of flaming
Missiles
 d - 4 throwing nets (quivered)
Armour
 b - a +0 leather armour
 c - a +0 helmet (worn)
 j - a +0 ring mail of cold resistance
 s - a +2 cloak of stealth (worn)
 w - +0 steam dragon scales (worn)
Magical Staves
 A - a staff of cold
Jewellery
 f - a ring of protection from cold
 g - a +4 ring of protection (right claw)
 h - an amulet of reflection (around neck)
 l - a +4 ring of evasion (left claw)
 p - a ring of protection from fire
 t - a ring of protection from fire
Wands
 o - a wand of digging (5)
 v - a wand of paralysis (5)
 y - a wand of polymorph (10)
Scrolls
 B - 5 scrolls of identify
 E - a scroll of brand weapon
Potions
 e - a potion of lignification


   Skills:
 + Level 7.7 Fighting
 + Level 4.2(7.7) Short Blades
 + Level 10.2(10.5) Long Blades
 + Level 5.2 Staves
 + Level 1.8 Throwing
 + Level 6.9 Armour
 + Level 6.4 Dodging
 + Level 4.2 Stealth
 + Level 6.0 Shields


You had 10 spell levels left.
You didn't know any spells.
Your spell library contained the following spells:

 Spells                   Type           Power      Damage    Failure   Level
 Sting                    Tmut/Pois      0%         1d3       54%         1
 Blink                    Tloc           0%         N/A       69%         2
 Poisonous Vapours        Pois/Air       0%         N/A       69%         2
 Static Discharge         Conj/Air       0%         N/A       69%         2
 Ozocubu's Armour         Ice            0%         N/A       89%         3
 Summon Guardian Golem    Hex/Summ       0%         N/A       89%         3
 Animate Armour           Summ/Erth      0%         N/A       100%        4
 Olgreb's Toxic Radiance  Pois           0%         N/A       100%        4
 Blade Hands              Tmut           0%         N/A       100%        5
 Lightning Bolt           Conj/Air       0%         1d11      100%        5
 Manifold Assault         Tloc           0%         N/A       100%        5
 Iron Shot                Conj/Erth      0%         9d1       100%        6
 Orb of Destruction       Conj           0%         N/A       100%        7
 Ozocubu's Refrigeration  Ice            0%         4d5       100%        7
 Spellforged Servitor     Conj/Summ      0%         N/A       100%        7
 Storm Form               Tmut/Air       0%         N/A       100%        7
 Maxwell's Capacitive Co  Air            0%         ∞         100%        8


Dungeon Overview and Level Annotations

Branches:
Dungeon (10/15)            Temple (1/1) D:7            Lair (0/6) D:9
    Orc: D:9-12

Altars:
Ashenzari
Cheibriados
Dithmenos
Elyvilon
Fedhas
Gozag
Hepliaklqana
Kikubaaqudgha
Makhleb
Nemelex Xobeh
Okawaru
Qazlal
Ru
Sif Muna
Trog
Uskayaw
Vehumet
Wu Jian
Xom
Yredelemnul
Zin
The Shining One

Portals:
Trove: D:10 (give +3 gold dragon scales)

Annotations:
D:3 1 runed translucent door, flotson's ghost, amateur PaFi
D:10 Sonja


Innate Abilities, Weirdness & Mutations

You are immune to sickness and miasma.
Your stone body is resilient. (AC +8)
You are immune to poison.
You resist negative energy. (rN+)
You are resistant to electric shocks. (rElec)
You are resistant to unholy torment.
You are immune to petrification.
Your large and strong wings let you fly.
You have sharp fingernails.
You sometimes lose the ability to read scrolls when taking damage.
You have hidden genetic defects.


Message History

You escape the starspawn tentacle's grasp.
The starspawn tentacle grabs you. The starspawn tentacle constricts you.
The starspawn tentacle's grasp on you weakens, but your attempt to escape fails.
You can read scrolls again.
The starspawn tentacle loses its grip on you.
The tentacle pulls you backwards! The tentacled starspawn bites you!
You feel threatened and lose the ability to read scrolls!
* * * LOW HITPOINT WARNING * * *
The tentacled starspawn tentacle-slaps you.
* * * LOW HITPOINT WARNING * * *
The orange demon closely misses you. The starspawn tentacle misses you.
The starspawn tentacle grabs you. The starspawn tentacle constricts you.
* * * LOW HITPOINT WARNING * * *
Okay, then.
You cannot read scrolls in your current state!
You cannot read scrolls in your current state!
You cannot read scrolls in your current state!
You slice the tentacled starspawn!!
The starspawn tentacle loses its grip on you.
The tentacled starspawn is moderately damaged.
The tentacled starspawn bites you but does no damage.
The tentacled starspawn tentacle-slaps you!
* * * LOW HITPOINT WARNING * * *
The orange demon closely misses you. The starspawn tentacle grabs you.
The starspawn tentacle constricts you.
You slice the tentacled starspawn!!
The starspawn tentacle loses its grip on you.
The tentacled starspawn is heavily damaged.
The thrashing horror closely misses you.
The thrashing horror misses you. The tentacled starspawn misses you.
The tentacled starspawn tentacle-slaps you but does no damage.
The orange demon stings you from afar.
* * * LOW HITPOINT WARNING * * *
The starspawn tentacle barely misses you.
The tentacled starspawn bites you but does no damage.
You block the tentacled starspawn's attack.
You slice the tentacled starspawn!!
The tentacled starspawn is severely damaged.
The thrashing horror tramples you.
You die...

######. ##
#####....... . ..
#..@w...# #. #.
#.5XX...# #. .
###.#.4...# .
.#...........#
.......(.....#.#
...............#
#............$......
..........##.##.###
. ....... ##.##.#


You could see a tentacled starspawn, an orange demon, a thrashing horror, a
starspawn tentacle and an iron imp.

Vanquished Creatures
  Fannar (D:10)
  A two-headed ogre (D:8)
  The ghost of croobank the Spear-Bearer, a novice OpCj of Lugonu (D:8)
  Pikel (D:8)
  A cyclops (D:9)
  4 centaur zombies
  3 gargoyles
  Maggie (D:8)
  2 kobold demonologists (D:10)
  An unseen horror (D:10)
  A queen bee (D:8)
  4 hornets
  Prince Ribbit (D:8)
  A shadow (D:9)
  4 fire bats (D:10)
  6 yaks (D:10)
  2 water moccasins (D:9)
  A hell hound (D:10)
  2 orc warriors (D:9)
  2 ice beasts
  A black bear (D:7)
  A necrophage (D:6)
  5 centaurs
  3 ogres
  2 phantoms
  3 kobold brigands
  A lemure (D:8)
  A gnoll sergeant (D:9)
  4 scorpions
  2 bullfrogs (D:9)
  3 wyvern zombies (D:8)
  10 killer bees
  12 wights
  2 lava snakes (D:10)
  Crazy Yiuf (D:6)
  A bullfrog zombie (D:4)
  3 hounds (D:5)
  A jelly (D:5)
  2 orc priests
  An iguana (D:5)
  2 orc wizards
  Ijyb (D:4)
  A killer bee zombie (D:8)
  3 hound skeletons
  A howler monkey zombie (D:8)
  15 gnolls
  2 howler monkey skeletons (D:7)
  5 adders
  3 shadow imps
  A white imp (D:7)
  A worm (D:2)
  5 dart slugs
  20 orcs
  10 endoplasms
  4 giant cockroaches
  8 goblins
  3 hobgoblins
  2 jackals (D:2)
  4 quokkas
  11 ball pythons
  3 bats
  2 frilled lizards
  A jackal skeleton (D:4)
  20 kobolds
  21 rats
  A spectral kobold (D:3)
  A fire vortex (D:10)
250 creatures vanquished.

Vanquished Creatures (others)
  2 fire vortices (D:10)
  21 fungi
  4 plants
  4 starspawn tentacles (Abyss:1)
31 creatures vanquished.

Grand Total: 281 creatures vanquished

Notes
Turn   | Place    | Note
-------+----------+-------------------------------------------
     0 | D:1      | SensoryNuts the Gargoyle Gladiator began the quest for the
                  | Orb.
     0 | D:1      | Reached XP level 1. HP: 12/12 MP: 1/1
   369 | D:1      | Reached XP level 2. HP: 17/17 MP: 2/2
   450 | D:1      | Found a faded altar of an unknown god.
   836 | D:1      | Reached XP level 3. HP: 21/21 MP: 3/3
  1852 | D:2      | Reached XP level 4. HP: 26/27 MP: 4/4
  2333 | D:3      | Found a shimmering blue altar of Sif Muna.
  2380 | D:3      | Found a runed translucent door.
  2430 | D:3      | Reached skill level 1 in Armour
  2513 | D:3      | Found an ornate altar of the Wu Jian Council.
  2901 | D:3      | Reached skill level 1 in Short Blades
  2902 | D:3      | Found a shadowy altar of Dithmenos.
  2916 | D:3      | Found a hazy altar of Hepliaklqana.
  3130 | D:3      | Noticed flotson's ghost (amateur PaFi)
  3374 | D:4      | Reached XP level 5. HP: 32/32 MP: 5/5
  3524 | D:4      | Reached skill level 1 in Shields
  3651 | D:4      | Noticed a phantom
  3653 | D:4      | Noticed Ijyb
  3716 | D:4      | Killed Ijyb
  3745 | D:4      | Reached XP level 6. HP: 31/37 MP: 6/6
  4006 | D:5      | Entered Level 5 of the Dungeon
  4129 | D:5      | Noticed a gargoyle
  4260 | D:5      | Reached XP level 7. HP: 9/41 MP: 7/7
  4858 | D:6      | Reached skill level 1 in Stealth
  5196 | D:6      | Reached XP level 8. HP: 40/48 MP: 8/8
  5588 | D:6      | Found a runed translucent door.
  5589 | D:6      | Noticed Crazy Yiuf
  5790 | D:6      | Reached skill level 1 in Long Blades
  5868 | D:6      | Noticed a hornet
  5878 | D:6      | Killed a hornet
  5879 | D:6      | Reached skill level 2 in Long Blades
  5879 | D:6      | Reached skill level 5 in Armour
  6193 | D:6      | Found a hide-covered altar of Uskayaw.
  6205 | D:6      | Reached skill level 3 in Long Blades
  6356 | D:6      | Killed Crazy Yiuf
  6515 | D:5      | Reached XP level 9. HP: 46/52 MP: 9/9
  6660 | D:5      | Killed a gargoyle
  6661 | D:5      | Reached skill level 4 in Long Blades
  6994 | D:7      | Noticed a hornet
  7050 | D:7      | Killed a hornet
  7051 | D:7      | Reached skill level 5 in Fighting
  7385 | D:7      | Noticed a gargoyle
  7397 | D:7      | Killed a gargoyle
  7398 | D:7      | Reached skill level 5 in Staves
  7431 | D:7      | Found a shimmering altar of Xom.
  7717 | D:7      | Found a bloodstained altar of Trog.
  7731 | D:7      | Found a staircase to the Ecumenical Temple.
  7739 | D:7      | Noticed a gargoyle
  7744 | Temple   | Entered the Ecumenical Temple
  7993 | Temple   | Became a worshipper of Makhleb the Destroyer
  8025 | D:7      | Killed a gargoyle
  8026 | D:7      | Reached skill level 5 in Long Blades
  8026 | D:7      | Reached skill level 5 in Dodging
  8059 | D:7      | Reached XP level 10. HP: 50/60 MP: 10/10
  8146 | D:7      | Reached skill level 6 in Long Blades
  8271 | D:7      | Found a glowing silver altar of Zin.
  8595 | D:8      | Noticed Pikel
  8791 | D:8      | Found a basalt altar of Yredelemnul.
  8832 | D:8      | Reached * piety under Makhleb
  8844 | D:8      | Killed Pikel
  8845 | D:8      | Reached skill level 7 in Long Blades
  9115 | D:8      | Noticed croobank's ghost (novice OpCj)
  9127 | D:8      | Found a transporter.
  9133 | D:8      | Found a broken altar of Ashenzari.
  9169 | D:8      | Reached skill level 5 in Shields
  9313 | D:8      | Noticed Maggie
  9335 | D:8      | Killed Maggie
  9542 | D:8      | Noticed Prince Ribbit
  9566 | D:8      | Killed Prince Ribbit
  9756 | D:8      | Noticed a two-headed ogre
  9774 | D:8      | Killed a two-headed ogre
  9775 | D:8      | Reached skill level 8 in Long Blades
  9999 | D:8      | Found a transporter.
 10207 | D:8      | Reached XP level 11. HP: 42/66 MP: 11/11
 10210 | D:8      | Killed croobank's ghost
 11116 | D:9      | Noticed a cyclops
 11122 | D:9      | Killed a cyclops
 11141 | D:9      | Found a staircase to the Lair.
 11329 | D:9      | Reached skill level 9 in Long Blades
 12089 | D:9      | Gained mutation: You have sharp fingernails. [potion of
                  | mutation]
 12089 | D:9      | Gained mutation: Your large and strong wings let you fly.
                  | [potion of mutation]
 12152 | D:10     | Entered Level 10 of the Dungeon
 12215 | D:10     | Reached ** piety under Makhleb
 12561 | D:10     | Noticed Sonja
 12623 | D:10     | Noticed Fannar
 12676 | D:10     | Killed Fannar
 13066 | D:10     | Found a portal to a secret trove of treasure.
 13068 | D:10     | Found an opulent altar of Gozag.
 13113 | D:10     | Reached skill level 10 in Long Blades
 13230 | D:10     | Cast into level 1 of the Abyss (Sonja)
 13274 | Abyss:1  | Noticed a bone dragon
 13293 | Abyss:1  | Gained mutation: You sometimes lose the ability to read
                  | scrolls when taking damage. [a neqoxec]
 13299 | Abyss:1  | Gained mutation: You have hidden genetic defects. [a
                  | neqoxec]
 13335 | Abyss:1  | Noticed a tentacled starspawn
 13384 | Abyss:1  | Noticed a tentacled starspawn
 13390 | Abyss:1  | Noticed a thrashing horror
 13416 | Abyss:1  | Slain by a thrashing horror

Illustrated notes

Levels and vault maps discovered:
D:1:      wander_arrival_peaceful_grave, layout_loops_corners,
          basic_ecumenical_altar, hangedman_decor_points, minivault_25,
          minmay_pentomino_x4
D:2:      layout_rooms, minmay_misc_feat_ornament, minmay_rat_hole
D:3:      layout_loops_ring, nicolae_hepliaklqana_monster_ancestors,
          mainiacjoe_overflow_alcove_4, pdpol_wu_jian_five_deadly_venoms,
          overflow_temple_1_default, ebering_ghost_sewer_d,
          mrwooster_statue_mirror, kennysheep_boxes
D:4:      layout_basic, uniq_ijyb
D:5:      layout_loops_cross, serial_bayou_pond_a
D:6:      layout_loops_ring, lemuel_tele_altar, uniq_crazy_yiuf_cottage
D:7:      layout_loops_corners, mainiacjoe_overflow_chevrons,
          old_standard_altar, temple_fountains, kennysheep_flooded_box
D:8:      layout_loops_cross, kennysheep_little_box,
          nicolae_yredelemnul_corpse_copse, gammafunk_ghost_hive,
          uniq_prince_ribbit1, uniq_pikel, uniq_maggie
D:9:      layout_layer_cave, dpeg_oklobed_lair
D:10:     kennysheep_ambush_hall, layout_stronghold, grunt_gozag_breadcrumbs,
          nicolae_trove_entry_free_sample, chequers_garden, grunt_ministairs_4,
          hangedman_incinerator, uniq_sonja, uniq_fannar
Temple:   nicolae_temple_hex_pool
Abyss:1:  base:
D:5

Skill      XL: |  1  2  3  4  5  6  7  8  9 10 11 |
---------------+----------------------------------+-----
Dodging        | 3 4 5 6 |  6.4
Armour         | 1 2 4 5 6 |  6.9
Short Blades   | 1 2 3 4 |  4.2
Shields        | 1 3 4 5 6 |  6.0
Fighting       | 3 4 5 6 7 |  7.7
Stealth        | 1 3 4 |  4.2
Long Blades    | 3 5 8 10 | 10.2
Staves         | 5 |  5.2
Throwing       | |  1.8

Action                   |  1- 3 |  4- 6 |  7- 9 | 10-12 || total
-------------------------+-------+-------+-------+-------++-------
Melee: Quarterstaff      |   107 |       |    66 |       ||   173
       Dagger            |    40 |   182 |    75 |       ||   297
       Great sword       |       |       |   123 |   330 ||   453
  Use: Scroll            |     4 |    13 |     3 |     4 ||    24
       Potion            |     1 |     3 |     2 |    12 ||    18
 Stab: Sleeping          |       |       |     4 |     2 ||     6
       Paralysed         |       |       |     1 |       ||     1
       Invisible         |       |       |       |     1 ||     1
Armor: Leather armour    |    17 |       |       |       ||    17
       Ring mail         |    19 |    53 |   119 |   148 ||   339
       Steam dragon scal |       |       |       |    88 ||    88
Dodge: Dodged            |    73 |   106 |   231 |   409 ||   819
Block: Other             |    24 |    40 |    85 |   101 ||   250
       Reflection        |       |     3 |     3 |     2 ||     8

Table legend: (Time is in decaauts)
 A = Elapsed time spent in this place.
 B = Non-inter-level travel time spent in this place.
 C = Inter-level travel time spent in this place.
 D = Time resting spent in this place.
 E = Time spent auto-exploring this place.
 F = Levels seen in this place.
 G = Mean time per level.
                   A        B        C        D        E       F      G
               +--------+--------+--------+--------+--------+-----+--------+
         Total |  13552 |  13552 |      0 |      0 |  10041 |  12 | 1129.3 |
       Dungeon |  13087 |  13087 |      0 |      0 |   9890 |  10 | 1308.7 |
        Temple |    277 |    277 |      0 |      0 |    151 |   1 |  277.0 |
         Abyss |    187 |    187 |      0 |      0 |      0 |   1 |  187.0 |
               +--------+--------+--------+--------+--------+-----+--------+

Top non-repeatable levels by time:
     D:8: 2130 daAuts
     D:6: 1812 daAuts
     D:9: 1488 daAuts
     D:7: 1382 daAuts
     D:1: 1169 daAuts
     D:5: 1166 daAuts
     D:2: 1112 daAuts
    D:10: 1097 daAuts
     D:3: 990 daAuts
     D:4: 736 daAuts
  Temple: 277 daAuts
 Abyss:1: 187 daAuts
